 Dungeon Crawl Stone Soup version 0.25.1-2-g60ff931df9 (webtiles) character file.

Game seed: 809743333085379073

4918 DildoBatman the Blocker (level 10, -5/71 HPs)
             Began as a Formicid Wizard on Aug 21, 2020.
             Was a Priest of Kikubaaqudgha.
             Slain by a two-headed ogre
             ... wielding a +0 giant club
              (11 damage)
             ... on level 8 of the Dungeon.
             The game lasted 00:39:42 (9406 turns).

DildoBatman the Blocker (Formicid Wizard)           Turns: 9406, Time: 00:39:43

Health: -5/71      AC:  3    Str: 18    XL:     10   Next: 80%
Magic:  7/14       EV: 13    Int: 21    God:    Kikubaaqudgha [***...]
Gold:   497        SH: 13    Dex:  9    Spells: 4/15 levels left

rFire    + . .     SeeInvis +   a - +4 falchion
rCold    . . .     Gourm    .   l - +2 kite shield
rNeg     . . .     Faith    .   I - +0 robe
rPois    .         Spirit   .   (helmet unavailable)
rElec    .         Reflect  .   u - +0 cloak
rCorr    .         Harm     .   (no gloves)
MR       +....                  (no boots)
Stlth    ++........             r - amulet of regeneration
HPRegen  0.61/turn              E - ring of protection from fire
MPRegen  0.14/turn              n - +6 ring of strength (curse)

@: no status effects
A: permanent stasis, dig shafts and tunnels, four strong arms, antennae 3
a: Dig, Shaft Self, Receive Corpses, Renounce Religion


You were on level 8 of the Dungeon.
You worshipped Kikubaaqudgha.
Kikubaaqudgha was most pleased with you.
You were hungry.

You visited 2 branches of the dungeon, and saw 10 of its levels.

You collected 611 gold pieces.
You spent 114 gold pieces at shops.

Inventory:

Hand Weapons
 a - a +4 falchion (weapon)
 b - a +0 hunting sling
 d - a +2 flail of protection
 e - a +1 short sword of electrocution
Missiles
 g - 276 stones
 h - 176 arrows
 k - 12 bolts
 F - 2 poisoned darts (quivered)
 K - 15 sling bullets
Armour
 l - a +2 kite shield (worn)
 u - a +0 cloak (worn)
 I - a +0 robe (worn)
Magical Staves
 y - an uncursed staff of fire
Jewellery
 m - an uncursed amulet of magic regeneration
 n - a cursed +6 ring of strength (right hand)
 r - an amulet of regeneration (around neck)
 E - a ring of protection from fire (left hand)
Wands
 s - a wand of iceblast (11)
 H - a wand of acid (3)
Scrolls
 c - a scroll of immolation {unknown}
 i - 3 scrolls of amnesia
 p - a scroll of enchant armour {unknown}
 t - a scroll of enchant weapon {unknown}
 x - 7 scrolls of remove curse
 z - 3 scrolls of identify
 A - a scroll of magic mapping {unknown}
 C - a scroll of blinking {unknown}
 D - 2 scrolls of noise {unknown}
 N - a scroll of vulnerability {unknown}
Potions
 f - a potion of lignification {unknown}
 j - 4 potions of flight
 o - 2 potions of curing
 q - 2 potions of resistance
 B - a potion of magic {unknown}
 J - 2 potions of brilliance
 L - a potion of cancellation {unknown}
Comestibles
 v - 11 rations


   Skills:
 - Level 4.1 Fighting
 - Level 4.1 Armour
 - Level 3.9 Dodging
 - Level 2.4 Stealth
 - Level 9.0 Shields
 - Level 3.2 Spellcasting
 - Level 6.0 Conjurations
   Level 1.0 Summonings
 * Level 4.1 Necromancy
   Level 0.8 Translocations
 - Level 5.0 Fire Magic
 - Level 5.0 Air Magic


You had 4 spell levels left.
You knew the following spells:

 Your Spells              Type           Power        Failure   Level  Hunger
a - Conjure Flame         Conj/Fire      ####....     4%          3    ###....
b - Dispel Undead         Necr           ###.....     24%         4    ####...
c - Magic Dart            Conj           ####         1%          1    None
e - Mephitic Cloud        Conj/Pois/Air  ###.....     9%          3    ###....

Your spell library contained the following spells:

 Spells                   Type           Power        Failure   Level  Hunger
 Animate Skeleton         Necr           N/A          2%          1    None
 Pain                     Necr           ###.         2%          1    None
 Sublimation of Blood     Necr           ###.......   3%          2    ##.....
 Vampiric Draining        Necr           ###.......   7%          3    ###....
 Freeze                   Ice            #...         13%         1    None
 Call Imp                 Summ           #.......     13%         2    ##.....
 Slow                     Hex            #.......     21%         2    ##.....
 Animate Dead             Necr           N/A          24%         4    ####...
 Frozen Ramparts          Ice            #.....       36%         3    ###....
 Ozocubu's Armour         Chrm/Ice       #.......     36%         3    ###....
 Hailstorm                Conj/Ice       ###.....     36%         4    ####...
 Summon Ice Beast         Ice/Summ       #.......     71%         4    ####...
 Borgnjor's Vile Clutch   Necr/Erth      ##........   83%         5    ######.
 Death Channel            Necr           ###.......   98%         6    #######
 Simulacrum               Ice/Necr       ##........   100%        6    #######
 Blink                    Tloc           Unusable     N/A         2    N/A

Dungeon Overview and Level Annotations

Branches:
Dungeon (9/15)             Temple (1/1) D:6
   Lair: D:8-11         Orc: D:9-12

Altars:
Ashenzari
Cheibriados
Dithmenos
Elyvilon
Fedhas
Gozag
Hepliaklqana
Kikubaaqudgha
Makhleb
Nemelex Xobeh
Okawaru
Qazlal
Ru
Sif Muna
Trog
Uskayaw
Vehumet
Wu Jian
Xom
Yredelemnul
Zin
The Shining One
Beogh

Shops:
D:5 *   D:7 }

Annotations:
D:2 exclusion: dancing weapon
D:5 3 runed translucent doors, Doot's ghost, novice TeFE


Innate Abilities, Weirdness & Mutations

You cannot be hasted, slowed, berserked, paralysed or teleported.
You can dig through walls and to a lower floor.
Your four strong arms can wield two-handed weapons with a shield.
You have a pair of large antennae on your head. (SInv)


Message History

The two-headed ogre is moderately wounded.
The two-headed ogre is engulfed in noxious fumes.
The two-headed ogre appears confused.
The two-headed ogre is engulfed in blazing flames.
Firing (i - inventory. (/) - cycle)
K - 16 sling bullets (quivered)
Press: ? - help, Shift-Dir - straight line, f/p - two-headed ogre
Aim: a two-headed ogre, wielding two +0 giant clubs (heavily wounded, confused)
You shoot a sling bullet.
The sling bullet hits the two-headed ogre!
The two-headed ogre is severely wounded.
a - a +4 falchion (weapon)
The two-headed ogre seems less confused.
The two-headed ogre hits you with a +0 giant club!
The two-headed ogre hits you with a cursed +0 giant club!
You hit the two-headed ogre.
The two-headed ogre is severely wounded.
The two-headed ogre hits you with a +0 giant club!!
The two-headed ogre hits you with a cursed +0 giant club!
You die...
Kikubaaqudgha rasps: "You have failed me!
Welcome... death!"

.#.###....##### ##..........#.###
...# ####.....###.............#
..## #####.#.............### .##
###.#.##..........# .#
#####.................# .#
###.....######..........#
#####<..##### #..........####
).[...#############............##
.##...(...°°§(.O@...............#
....#############################
.#### .# .# .# .# .# ##


You could see a two-headed ogre.

Vanquished Creatures
  Pikel (D:7)
  Maurice (D:9)
  Sigmund (D:6)
  Menkaure (D:7)
  A hungry ghost (D:5)
  Edmund (D:5)
  3 ice beasts
  A water moccasin (D:5)
  3 slaves (D:7)
  5 orc warriors
  2 ogres
  2 phantoms
  3 centaurs
  A big kobold (D:5)
  2 bullfrogs (D:8)
  3 scorpions
  A vampire bat (D:4)
  7 wights
  2 howler monkeys (D:8)
  A crimson imp (D:2)
  8 hounds
  2 jellies
  2 quasits
  2 orc priests
  A centaur skeleton (D:8)
  A gnoll shaman (D:4)
  2 bullfrog skeletons (D:5)
  2 iguanas
  Terence (D:1)
  10 orc wizards
  8 worker ants
  3 hound zombies (D:8)
  A hound skeleton (D:8)
  2 howler monkey skeletons
  8 gnolls (D:4)
  6 adders
  3 shadow imps
  2 oozes
  An adder skeleton (D:4)
  An adder zombie (D:6)
  3 worms
  2 dart slugs (D:2)
  9 leopard geckos
  52 orcs
  6 bats
  4 bat skeletons (D:4)
  2 giant cockroaches
  7 goblins
  4 hobgoblins
  3 jackals (D:6)
  4 quokkas
  3 frilled lizards
  A giant cockroach zombie (D:5)
  13 kobolds
  A leopard gecko zombie (D:5)
  A quokka skeleton (D:4)
  10 rats
233 creatures vanquished.

Vanquished Creatures (others)
  A slave (D:7)
  A centaur skeleton (D:7)
2 creatures vanquished.

Grand Total: 235 creatures vanquished

Notes
Turn   | Place    | Note
-------+----------+-------------------------------------------
     0 | D:1      | DildoBatman the Formicid Wizard began the quest for the
                  | Orb.
     0 | D:1      | Reached XP level 1. HP: 13/13 MP: 4/4
    52 | D:1      | Reached skill level 1 in Conjurations
   288 | D:1      | Reached XP level 2. HP: 19/19 MP: 3/6
   432 | D:1      | Reached XP level 3. HP: 16/24 MP: 7/7
   437 | D:1      | Learned a level 3 spell: Conjure Flame
   441 | D:1      | Learned a level 3 spell: Mephitic Cloud
   598 | D:2      | Noticed a +0 hand axe
   599 | D:2      | Found a hide-covered altar of Uskayaw.
   599 | D:2      | Noticed a +0 hand axe
   715 | D:2      | Found a basalt altar of Yredelemnul.
   801 | D:2      | Reached XP level 4. HP: 27/30 MP: 8/8
  1032 | D:2      | Noticed Terence
  1048 | D:2      | Found a shimmering altar of Xom.
  1050 | D:2      | Found a bloodstained altar of Trog.
  1052 | D:2      | Found a white marble altar of Elyvilon.
  1539 | D:3      | Found a radiant altar of Vehumet.
  1576 | D:3      | Reached XP level 5. HP: 34/35 MP: 4/9
  2523 | D:4      | Reached XP level 6. HP: 39/41 MP: 10/10
  2675 | D:4      | Reached skill level 5 in Conjurations
  2687 | D:4      | Found a glowing silver altar of Zin.
  2687 | D:4      | Found a burning altar of Makhleb.
  2688 | D:4      | Noticed a green death
  2688 | D:4      | Noticed an angel
  2925 | D:5      | Entered Level 5 of the Dungeon
  2942 | D:5      | Noticed Edmund
  3161 | D:4      | Noticed an ogre
  3181 | D:4      | Killed an ogre
  3181 | D:4      | Reached skill level 1 in Fire Magic
  3221 | D:4      | Reached skill level 1 in Air Magic
  3235 | D:4      | Reached XP level 7. HP: 34/46 MP: 3/11
  3459 | D:4      | Found an ancient bone altar of Kikubaaqudgha.
  3463 | D:4      | Became a worshipper of Kikubaaqudgha
  3909 | D:4      | Found a shimmering altar of Xom.
  4253 | D:1      | Killed Terence
  4408 | D:5      | Found Mewiceci's Assorted Antiques.
  4482 | D:5      | Reached XP level 8. HP: 51/52 MP: 5/12
  4550 | D:5      | Killed Edmund
  4666 | D:5      | Reached * piety under Kikubaaqudgha
  4666 | D:5      | Identified Kikubaaqudgha's Collected Works on Evil
                  | (Kikubaaqudgha gifted it to you on level 5 of the Dungeon)
  4666 | D:5      | Received a gift from Kikubaaqudgha
  4857 | D:5      | Reached skill level 5 in Fire Magic
  5062 | D:5      | Found a runed translucent gate.
  5062 | D:5      | Found a runed translucent gate.
  5062 | D:5      | Found a runed translucent gate.
  5126 | D:5      | Noticed Doot's ghost (novice TeFE)
  5318 | D:5      | Bought an amethyst potion for 27 gold pieces
  5318 | D:5      | Bought a scroll labeled ROHOYTHR PONLYSA for 30 gold pieces
  5318 | D:5      | Bought a puce potion for 27 gold pieces
  5318 | D:5      | Bought a scroll labeled INUN ZAAJITWIE for 30 gold pieces
  5415 | D:6      | Reached skill level 1 in Shields
  5436 | D:6      | Reached XP level 9. HP: 57/57 MP: 4/13
  5468 | D:6      | Reached skill level 2 in Shields
  5468 | D:6      | Reached skill level 5 in Air Magic
  5519 | D:6      | Found a staircase to the Ecumenical Temple.
  5539 | Temple   | Entered the Ecumenical Temple
  5787 | D:6      | Reached skill level 3 in Shields
  5884 | D:6      | Noticed Sigmund
  5913 | D:6      | Killed Sigmund
  5913 | D:6      | Reached skill level 4 in Shields
  5926 | D:6      | Reached skill level 5 in Shields
  6020 | D:6      | Reached ** piety under Kikubaaqudgha
  6110 | D:6      | Reached skill level 6 in Shields
  6745 | D:7      | Reached skill level 7 in Shields
  6805 | D:7      | Noticed Pikel
  6823 | D:7      | Killed Pikel
  6823 | D:7      | Reached skill level 9 in Shields
  6862 | D:7      | Reached XP level 10. HP: 58/64 MP: 7/14
  7058 | D:7      | Reached skill level 1 in Fighting
  7058 | D:7      | Reached skill level 1 in Armour
  7106 | D:7      | Found a glowing golden altar of the Shining One.
  7801 | D:7      | Noticed Menkaure
  7818 | D:7      | Killed Menkaure
  7819 | D:7      | Found Fog Saosch's Gadget Shop.
  8497 | D:8      | Reached *** piety under Kikubaaqudgha
  8497 | D:8      | Identified Kikubaaqudgha's Handbook of Unholy Arts
                  | (Kikubaaqudgha gifted it to you on level 8 of the Dungeon)
  8497 | D:8      | Received a gift from Kikubaaqudgha
  8604 | D:8      | Found a roughly hewn altar of Beogh.
  8624 | D:8      | Learned a level 4 spell: Dispel Undead
  8692 | D:8      | Reached skill level 1 in Necromancy
  8810 | D:8      | Found a snail-covered altar of Cheibriados.
  9247 | D:9      | Noticed Maurice
  9301 | D:9      | Killed Maurice
  9342 | D:9      | Noticed a two-headed ogre
  9406 | D:8      | Slain by a two-headed ogre

Illustrated notes

Levels and vault maps discovered:
D:1:      lightli_arrival_quake, layout_rooms, minmay_misc_feat_ornament
D:2:      cheibrodos_helix_gallery, layout_basic, yredelemnul_altar_generic,
          dancing_weapons_uskayaw, grunt_temple_overflow_diamond,
          hangedman_abyss_or_decor_stabs, kennysheep_generic_room_12,
          uniq_terence
D:3:      layout_basic, fiery_altar_vehumet
D:4:      layout_loops_ring, grunt_temple_overflow_order_and_chaos_2,
          kennysheep_vampire_church, first_ration, tgw_xom
D:5:      layout_cave_pools, gammafunk_ghost_icy, serial_shops, shop,
          uniq_edmund
D:6:      layout_loops_ring, minmay_temple_entry_stoned_glass, uniq_sigmund
D:7:      layout_layer_cave, lemuel_crystal_altar, serial_shops,
          nicolae_shop_stone, minmay_misc_feat_nine_boxes,
          kennysheep_generic_room_13, uniq_menkaure, uniq_pikel
D:8:      layout_rooms, cheibriados_altar_1, special_room [special_room_orc]
D:9:      layout_basic, ebering_ghost_inner_flame, uniq_maurice
Temple:   minmay_temple_curvy_loop

Skill      XL: |  1  2  3  4  5  6  7  8  9 10 |
---------------+-------------------------------+-----
Conjurations   | 1 2 3 4 5 6 |  6.0
Fire Magic     | 1 3 5 |  5.0
Air Magic      | 1 2 4 5 |  5.0
Shields        | 1 9 |  9.0
Dodging        | 2 3 |  3.9
Fighting       | 4 |  4.1
Armour         | 4 |  4.1
Necromancy     | 4 |  4.1
Stealth        | |  2.4
Spellcasting   | |  3.2
Summonings     | |  1.0
Translocations | |  0.8

Action                   |  1- 3 |  4- 6 |  7- 9 | 10-12 || total
-------------------------+-------+-------+-------+-------++-------
Melee: Spear             |    66 |    52 |       |       ||   118
       Unarmed           |     3 |       |       |       ||     3
       Dagger            |       |   110 |    58 |       ||   168
       Short sword       |       |       |   149 |       ||   149
       Halberd           |       |       |     4 |       ||     4
       Falchion          |       |       |    55 |   323 ||   378
 Fire: Hunting sling     |       |    24 |   177 |   130 ||   331
Throw: Dart              |       |       |       |     4 ||     4
 Cast: Magic Dart        |    29 |    25 |    27 |    18 ||    99
       Mephitic Cloud    |       |     6 |    28 |    12 ||    46
       Conjure Flame     |       |       |    30 |    23 ||    53
 Abil: Dig               |       |     8 |     4 |     8 ||    20
  Use: Scroll            |       |     3 |     5 |     2 ||    10
 Stab: Distracted        |     1 |       |       |     1 ||     2
       Sleeping          |     1 |       |       |       ||     1
       Confused          |       |     7 |     5 |     3 ||    15
  Eat: Chunk             |       |     5 |    14 |     9 ||    28
       Ration            |       |     1 |     1 |     1 ||     3
Armor: Robe              |    11 |    16 |    50 |    17 ||    94
Dodge: Dodged            |    44 |    87 |   178 |   146 ||   455
Block: Kite shield       |       |       |    25 |   222 ||   247
       Rpst.: Falchion   |       |       |     5 |    45 ||    50
